 Dungeon Crawl Stone Soup version 0.29-a0-2-g12fcac58f8 (webtiles) character file.

Game seed: 9604957418146958801

50889 fragbeetle the Protected (level 14, -3/124 HPs)
             Began as a Hill Orc Cinder Acolyte on Jan 26, 2022.
             Was an Initiate of Qazlal.
             Slain by a fire elemental (9 damage)
             ... created by the fiery vengeance of Ignis
             ... on level 10 of the Dungeon.
             The game lasted 01:22:26 (35636 turns).

fragbeetle the Protected (Hill Orc Cinder Acolyte) Turns: 35636, Time: 01:22:26

Health: -3/124     AC: 21    Str: 21    XL:     14   Next: 57%
Magic:  15/18      EV: 10    Int: 24    God:    Qazlal [......]
Gold:   1509       SH:  5    Dex:  6    Spells: 3/19 levels left

rFire   . . .      SeeInvis .   a - +1 mace of Nixaimat {drain, rPois rF+ rC- Int+5}
rCold   x x .      Faith    .   (no shield)
rNeg    . . .      Spirit   .   V - +6 scale mail of Dithmenos's Supremacy {rF+ Str+3 Int-2}
rPois   +          Reflect  +   (helmet restricted)
rElec   .          Harm     .   K - +1 cloak
rCorr   .          Rampage  .   z - +2 pair of gloves
Will    ++...                   (no boots)
Stlth   ..........              y - amulet of reflection
HPRegen 0.30/turn               O - ring of fire
MPRegen 0.16/turn               u - ring of the Scarab {rF+ Will+ Int+3}

@: fire susceptible
A: antennae 1, talons 1
a: Renounce Religion


You were on level 10 of the Dungeon.
You worshipped Qazlal.
Qazlal was noncommittal.
You visited 3 branches of the dungeon, and saw 21 of its levels.

You collected 2307 gold pieces.
You spent 798 gold pieces at shops.

Inventory:

Hand Weapons
 a - the +1 mace of Nixaimat (weapon) {drain, rPois rF+ rC- Int+5}
   (You found it on level 2 of the Dungeon)

   A truly terrible weapon, it drains the life of any living foe it strikes.
   Int:       It affects your intelligence (+5).
   rF:        It protects you from fire.
   rC:        It makes you vulnerable to cold.
   rPois:     It protects you from poison.
 b - the +8 hunting sling "Umazura" {freeze, rF+}
   (You took it off a gnoll on level 7 of the Dungeon)

   Any ammunition fired from it freezes those it strikes, dealing additional
   cold damage.
   It can also slow down cold-blooded creatures.
   rF:        It protects you from fire.
 g - a +3 halberd
 k - a -1 hand axe of flaming
 W - a +5 spear
Missiles
 m - 13 boomerangs
 B - 23 poisoned darts
 F - 312 stones
Armour
 z - a +2 pair of gloves (worn)
 K - a +1 cloak (worn)
 S - the +2 pair of boots of Punoni {Rampage rC+++ Will- Stlth+}
   (You found it on level 5 of the Lair of Beasts)

   rC:        It renders you almost immune to cold.
   Rampage:   It bestows one free step when moving towards enemies.
   Will:      It decreases your willpower.
   Stlth:     It makes you more stealthy.
 V - the +6 scale mail of Dithmenos's Supremacy (worn) {rF+ Str+3 Int-2}
   (You took it off an orc on level 3 of the Dungeon)

   Str:       It affects your strength (+3).
   Int:       It affects your intelligence (-2).
   rF:        It protects you from fire.
Magical Staves
 o - a staff of earth
Jewellery
 n - a ring of see invisible
 u - the ring of the Scarab (right hand) {rF+ Will+ Int+3}
   (You bought it in a shop on level 8 of the Dungeon)

   [ring of protection from fire]

   Int:       It affects your intelligence (+3).
   rF:        It protects you from fire.
   Will:      It increases your willpower.
 y - an amulet of reflection (around neck)
 O - a ring of fire (left hand)
Wands
 t - a wand of flame (9)
 x - a wand of iceblast (12)
 C - a wand of charming (7)
 G - a wand of polymorph (19)
 T - a wand of acid (3)
Scrolls
 c - a scroll of torment
 d - 2 scrolls of magic mapping
 f - a scroll of summoning {unknown}
 h - 2 scrolls of enchant armour
 j - a scroll of silence
 l - 6 scrolls of vulnerability
 s - a scroll of fog
 E - 5 scrolls of amnesia
 N - 5 scrolls of enchant weapon
 R - a scroll of fear {unknown}
Potions
 e - a potion of mutation
 i - 4 potions of ambrosia
 v - 2 potions of cancellation
 A - 4 potions of brilliance
 D - 4 potions of flight
 H - a potion of magic
 I - 6 potions of attraction
 U - a potion of haste
Miscellaneous
 w - a lightning rod (4/4)
 M - a phial of floods


   Skills:
 + Level 11.3 Fighting
 - Level 11.0(13.4) Axes
 - Level 10.5(12.0) Maces & Flails
 + Level 12.2 Armour
 * Level 3.1 Spellcasting
 * Level 7.3 Conjurations
 * Level 11.7 Fire Magic
 - Level 10.0 Poison Magic


You had 3 spell levels left.
You knew the following spells:

 Your Spells              Type           Power      Damage    Failure   Level
a - Scorch                Fire           100%       2d10      1%          2
b - Olgreb's Toxic Radia  Pois           51%        N/A       3%          4
c - Starburst             Conj/Fire      32%        6d10      56%         6
d - Sticky Flame          Conj/Fire      65%        2d8       4%          4

Your spell library contained the following spells:

 Spells                   Type           Power      Damage    Failure   Level
 Conjure Flame            Conj/Fire      65%        6-21      1%          3
 Sting                    Tmut/Pois      100%       1d8       3%          1
 Ignite Poison            Fire/Tmut/Pois 55%        N/A       3%          3
 Poisonous Vapours        Pois/Air       54%        N/A       4%          2
 Spider Form              Tmut/Pois      27%        N/A       9%          3
 Dazzling Flash           Conj/Hex       42%        N/A       16%         3
 Animate Skeleton         Necr           6%         N/A       22%         1
 Beastly Appendage        Tmut           6%         N/A       22%         1
 Pain                     Necr           12%        1d4       22%         1
 Corpse Rot               Necr/Air       6%         N/A       34%         2
 Sublimation of Blood     Necr           3%         N/A       34%         2
 Wereblood                Tmut           3%         N/A       34%         2
 Frozen Ramparts          Ice            6%         1d2       56%         3
 Teleport Other           Tloc           3%         N/A       56%         3
 Vampiric Draining        Necr           3%         2d6       56%         3
 Iskenderun's Mystic Bla  Conj/Tloc      21%        2d6       45%         4
 Animate Dead             Necr           1%         N/A       92%         4
 Dispel Undead            Necr           3%         3d7       92%         4
 Ice Form                 Ice/Tmut       3%         N/A       92%         4
 Petrify                  Tmut/Erth      3%         N/A       92%         4
 Summon Ice Beast         Ice/Summ       3%         N/A       92%         4
 Agony                    Necr           3%         N/A       99%         5
 Borgnjor's Vile Clutch   Necr/Erth      1%         N/A       99%         5
 Metabolic Englaciation   Hex/Ice        1%         N/A       99%         5
 Silence                  Hex/Air        1%         N/A       99%         5
 Death Channel            Necr           1%         N/A       100%        6
 Statue Form              Tmut/Erth      2%         N/A       100%        6


Dungeon Overview and Level Annotations

Branches:
Dungeon (14/15)            Temple (1/1) D:4            Lair (6/6) D:8
  Swamp (0/4) Lair:2        Snake (0/4) Lair:2        Slime (0/5) Lair:5
    Orc (0/2) D:9
 Vaults: D:13-14

Altars:
Ashenzari
Cheibriados
Dithmenos
Elyvilon
Fedhas
Gozag
Hepliaklqana
Kikubaaqudgha
Makhleb
Nemelex Xobeh
Okawaru
Qazlal
Ru
Sif Muna
Trog
Uskayaw
Vehumet
Wu Jian
Xom
Yredelemnul
Zin
The Shining One
Beogh

Shops:
D:8 =   D:9 *   D:10 (

Annotations:
D:7 Pin's ghost, novice HOFi
Lair:1 2 transporters
Lair:3 exclusion: oklob plant


Innate Abilities, Weirdness & Mutations

You have a pair of small antennae on your head.
You have sharp toenails.


Message History

The fire elemental barely misses you. The fire elemental hits you.
The fire elemental burns you!
* * * LOW HITPOINT WARNING * * *
You sock the fire elemental!
You destroy the fire elemental!
That felt strangely unrewarding.
You block the fire elemental's attack.
You barely miss the fire elemental. Your kick misses the fire elemental.
The fire elemental barely misses you.
You barely miss the fire elemental. Your kick misses the fire elemental.
The fire elemental hits you. The fire elemental burns you!
* * * LOW HITPOINT WARNING * * *
You sock the fire elemental! Your kick misses the fire elemental.
The fire elemental is moderately damaged.
The fire elemental closely misses you.
You barely miss the fire elemental. Your kick misses the fire elemental.
The fire elemental is moderately damaged.
You block the fire elemental's attack.
You hit the fire elemental.
The fire elemental is moderately damaged.
The fire elemental hits you. The fire elemental burns you!
* * * LOW HITPOINT WARNING * * *
You miss the fire elemental. Your kick misses the fire elemental.
The fire elemental is moderately damaged.
The fire elemental hits you. The fire elemental burns you!
* * * LOW HITPOINT WARNING * * *
You feel much better. You block the fire elemental's attack.
The fire elemental closely misses you.
You sock the fire elemental!
You claw the fire elemental, but do no damage.
The fire elemental is heavily damaged.
The fire elemental hits you. The fire elemental burns you!
* * * LOW HITPOINT WARNING * * *
You barely miss the fire elemental.
You claw the fire elemental, but do no damage.
The fire elemental is heavily damaged.
The fire elemental barely misses you.
You sock the fire elemental! You claw the fire elemental.
The fire elemental is severely damaged.
The fire elemental hits you. The fire elemental burns you!
You die...

#...# #.......... #...#
#.......... #...# #..........
#...# #.......... #[..#
#..........
....###################..........
.................................
.........................####....
#############..>@...[....# #....
#..E#######.(# #....
#...#######).# #....
#############.......8)...####....
................)..8.8)..........
..................8.).8..........
.................8..∩..8.........
..................8...8..........
...................8.8...#####...


You could see a fire elemental.

Vanquished Creatures
  5 boulder beetles
  2 hydras
  A catoblepas (Lair:4)
  3 two-headed ogres
  A centaur warrior (D:13)
  Urug (D:10)
  4 death yaks
  A skeletal warrior (D:13)
  A swamp dragon (Lair:2)
  A deep elf pyromancer (D:8)
  2 ugly things
  3 manticores
  6 elephants
  Maurice (D:8)
  10 black mambas
  9 cane toads
  A smoke demon (Lair:6)
  An unseen horror (D:11)
  2 kobold demonologists
  4 rime drakes
  12 komodo dragons
  A queen bee (Lair:2)
  3 trolls
  2 meliai (Lair:2)
  A slime creature (D:11)
  7 blink frogs
  A meliai zombie (D:11)
  The ghost of ragingrage the Charlatan, an amateur GrAr (D:3)
  43 yaks
  A wraith (D:12)
  Grum (D:8)
  4 wyverns
  A steam dragon (Lair:3)
  6 fire elementals
  A vampire mosquito (D:11)
  12 basilisks
  A small abomination (Lair:6)
  19 water moccasins
  Pargi (D:4)
  2 sky beasts
  7 orc warriors
  An ice beast (D:5)
  5 ogres
  4 black bears
  A necrophage (D:5)
  26 wolves
  3 centaurs
  A phantom (D:4)
  A kobold brigand (D:10)
  A gnoll sergeant (D:10)
  14 bullfrogs
  3 scorpions
  2 water moccasin skeletons
  28 killer bees
  5 wights
  7 electric eels (D:10)
  2 howler monkeys
  A lava snake (Lair:5)
  2 bullfrog zombies
  6 centaur zombies
  A bullfrog skeleton (D:5)
  2 hounds
  A jelly (D:5)
  14 orc priests
  2 gnoll shamans
  Crazy Yiuf (D:2)
  3 iguanas
  11 orc wizards
  3 hell rats (Lair:2)
  A hound skeleton (D:4)
  15 gnolls
  6 adders
  A howler monkey skeleton (D:4)
  A river rat (Lair:2)
  3 white imps
  An adder skeleton (D:4)
  5 worms
  5 dart slugs
  79 orcs
  7 bats
  3 endoplasms
  3 giant cockroaches
  11 goblins
  4 hobgoblins
  13 jackals
  3 quokkas
  6 ball pythons
  6 frilled lizards
  16 kobolds
  4 rats
  A bush (Lair:6)
531 creatures vanquished.

Vanquished Creatures (others)
  A yak (Lair:3)
  A large abomination (Lair:6)
  A wolf (Lair:3)
  An orc wizard (D:10)
  11 bushes (Lair:6)
  59 fungi
  78 plants
152 creatures vanquished.

Grand Total: 683 creatures vanquished

Notes
Turn   | Place    | Note
-------+----------+-------------------------------------------
     0 | D:1      | fragbeetle the Hill Orc Cinder Acolyte began the quest for
                  | the Orb.
     0 | D:1      | Reached XP level 1. HP: 19/19 MP: 2/2
   246 | D:1      | Reached XP level 2. HP: 25/27 MP: 3/3
   249 | D:1      | Learned a level 2 spell: Scorch
   628 | D:1      | Reached XP level 3. HP: 4/33 MP: 1/4
  1973 | D:2      | Reached XP level 4. HP: 35/40 MP: 6/6
  2171 | D:2      | Reached skill level 5 in Axes
  2737 | D:2      | Identified the +1 mace of Nixaimat {drain, rPois rF+ rC-
                  | Int+5}
  2743 | D:2      | Found a runed translucent door.
  2744 | D:2      | Noticed Crazy Yiuf
  2971 | D:3      | Identified the +1 chain mail of Fet Myud {rN+ Str+4 Slay+3}
  3220 | D:3      | Found an ancient bone altar of Kikubaaqudgha.
  3585 | D:3      | Found a runed translucent gate.
  3585 | D:3      | Found a runed translucent gate.
  3587 | D:3      | Found a runed translucent gate.
  3588 | D:3      | Noticed ragingrage's ghost (amateur GrAr)
  3588 | D:3      | Identified the +6 scale mail of Dithmenos's Supremacy {rF+
                  | Str+3 Int-2}
  3852 | D:3      | Reached XP level 5. HP: 46/46 MP: 7/7
  3895 | D:3      | Found a roughly hewn altar of Beogh.
  4348 | D:4      | Noticed an ogre
  4357 | D:4      | Killed an ogre
  4358 | D:4      | Reached XP level 6. HP: 36/53 MP: 3/8
  4662 | D:4      | Reached skill level 5 in Fire Magic
  4735 | D:4      | Reached skill level 1 in Armour
  4843 | D:4      | Reached XP level 7. HP: 60/60 MP: 10/10
  4971 | D:4      | Noticed Pargi
  4981 | D:4      | Killed Pargi
  4982 | D:4      | Reached skill level 5 in Fighting
  4982 | D:4      | Reached skill level 2 in Armour
  5291 | D:4      | Found a staircase to the Ecumenical Temple.
  5302 | Temple   | Entered the Ecumenical Temple
  6182 | D:5      | Entered Level 5 of the Dungeon
  6292 | D:5      | Reached skill level 3 in Armour
  6292 | D:5      | Reached XP level 8. HP: 56/68 MP: 8/11
  6430 | D:5      | Learned a level 4 spell: Olgreb's Toxic Radiance
  6874 | D:5      | Reached skill level 1 in Poison Magic
  7025 | D:5      | Reached skill level 4 in Armour
  7766 | D:6      | Reached XP level 9. HP: 60/75 MP: 7/13
  8065 | D:6      | Reached skill level 5 in Armour
  9563 | D:7      | Identified the +8 hunting sling "Umazura" {freeze, rF+}
 10039 | D:8      | Noticed Grum
 10061 | D:7      | Reached skill level 6 in Armour
 10250 | D:8      | Noticed Maurice
 10640 | D:8      | Killed Grum
 10641 | D:8      | Reached skill level 10 in Axes
 10711 | D:8      | Found Xulloena's One-of-a-Kind Rings.
 10925 | D:8      | Reached XP level 10. HP: 85/86 MP: 14/14
 11075 | D:8      | Killed Maurice
 11076 | D:8      | Reached skill level 7 in Armour
 11223 | D:8      | Found a staircase to the Lair.
 11325 | D:8      | Noticed a manticore
 11333 | D:8      | Killed a manticore
 11564 | D:8      | Found a runed translucent door.
 11564 | D:8      | Noticed Pin's ghost (novice HOFi)
 11566 | D:8      | Noticed a deep elf pyromancer
 11933 | D:9      | Noticed a two-headed ogre
 11937 | D:9      | Killed a two-headed ogre
 11938 | D:9      | Reached skill level 1 in Maces & Flails
 12194 | D:9      | Reached skill level 8 in Armour
 12637 | D:9      | Found a staircase to the Orcish Mines.
 12873 | D:9      | Found Zunaqoag's General Store.
 12883 | D:9      | Bought a scroll of teleportation for 42 gold pieces
 12883 | D:9      | Bought a potion of flight for 42 gold pieces
 12883 | D:9      | Bought a scroll of identify for 28 gold pieces
 12883 | D:9      | Bought a scroll of identify for 28 gold pieces
 12978 | D:10     | Entered Level 10 of the Dungeon
 13798 | D:10     | Reached XP level 11. HP: 66/94 MP: 10/15
 14122 | D:10     | Found Wuhis's Antique Weapon Shoppe.
 14378 | D:10     | Reached skill level 5 in Poison Magic
 14433 | D:10     | Noticed Urug
 15193 | D:10     | Reached skill level 9 in Armour
 15254 | D:11     | Noticed a red ugly thing
 15308 | D:10     | Killed a red ugly thing
 15469 | D:10     | Killed Urug
 15470 | D:10     | Reached skill level 5 in Maces & Flails
 16658 | D:11     | Noticed a two-headed ogre
 16810 | Lair:1   | Entered Level 1 of the Lair of Beasts
 17338 | Lair:1   | Reached skill level 10 in Armour
 17504 | Lair:1   | Found a transporter.
 17506 | Lair:1   | Found a transporter.
 17506 | Lair:1   | Noticed a boulder beetle
 17537 | Lair:1   | You fall into a shaft and drop 1 floor!
 18154 | Lair:1   | Reached XP level 12. HP: 89/104 MP: 0/16
 18965 | Lair:2   | Found a staircase to the Snake Pit.
 19384 | Lair:1   | HP: 4/157 [black mamba (5)]
 19834 | Lair:2   | Learned a level 6 spell: Starburst
 20398 | Lair:2   | Reached skill level 1 in Conjurations
 20881 | Lair:2   | Reached skill level 11 in Armour
 21191 | Lair:2   | Found a staircase to the Swamp.
 21971 | Lair:2   | Reached skill level 10 in Fighting
 23130 | D:8      | Bought the ring of the Scarab {rF+ Will+ Int+3} for 658
                  | gold pieces
 23299 | Lair:3   | Learned a level 4 spell: Sticky Flame
 23375 | Lair:2   | Reached XP level 13. HP: 16/113 MP: 1/17
 25562 | Lair:2   | Reached skill level 10 in Fire Magic
 26585 | Lair:4   | Identified the +1 ring mail of Seto {rF+}
 27073 | Lair:5   | Identified the +2 pair of boots of Punoni {Rampage rC+++
                  | Will- Stlth+}
 27784 | Lair:4   | Reached skill level 5 in Conjurations
 27993 | Lair:5   | Found a staircase to the Slime Pits.
 28869 | Lair:6   | Entered Level 6 of the Lair of Beasts
 28927 | Lair:5   | Reached skill level 10 in Maces & Flails
 29485 | Lair:6   | Reached XP level 14. HP: 90/122 MP: 6/18
 30083 | Temple   | Fell from the grace of Ignis
 30083 | Temple   | Became a worshipper of Qazlal Stormbringer
 30795 | Lair:6   | Got the Incunabulum of Orientation and Dark Magic
 32069 | D:2      | Killed Crazy Yiuf
 32194 | D:3      | Killed ragingrage's ghost
 32915 | Lair:1   | Identified a scroll of acquirement
 32916 | Lair:1   | Acquired 1038 gold pieces
 33054 | Lair:6   | HP: 4/124 [fire elemental[the fiery vengeance of Ignis]
                  | (3)]
 33699 | D:10     | Reached skill level 12 in Armour
 33777 | D:10     | You fall into a shaft and drop 3 floors!
 33796 | D:13     | Gained mutation: You have a pair of small antennae on your
                  | head. [potion of mutation]
 33796 | D:13     | Gained mutation: You have sharp toenails. [potion of
                  | mutation]
 34316 | D:13     | You fall into a shaft and drop 1 floor!
 35343 | D:10     | Reached skill level 10 in Poison Magic
 35632 | D:10     | HP: 5/124 [fire elemental[the fiery vengeance of Ignis]
                  | (3)]
 35636 | D:10     | Slain by a fire elemental

Illustrated notes

Levels and vault maps discovered:
D:1:      dpeg_arrival_round_a, layout_loops_ring, minmay_small_reverse_x
D:2:      layout_loops_corners, hangedman_decor_points, uniq_crazy_yiuf_cottage
D:3:      layout_basic, nicolae_kikubaaqudgha_miasma_corner,
          biasface_ghost_orc_armoury
D:4:      layout_basic, minmay_temple_entry_junction, roderic_roman_lattice,
          nrook_mini_vaults, uniq_pargi
D:5:      black_bear_nest_2, layout_basic
D:6:      layout_loops_ring
D:7:      layout_basic
D:8:      layout_basic, grunt_lair_entry_orc_guard_hut, special_room
          [special_room_orc], ebering_ghost_inner_flame,
          nicolae_shop_unique_rings, uniq_maurice, uniq_grum
D:9:      layout_rooms, hiddenorc2_lemuel, serial_shops, nicolae_lakefront_shop,
          hangedman_decor_opposing, lemuel_flamethrower_1
D:10:     erik_rubicon_b, layout_small_grid, serial_shops, nicolae_diamond_shop,
          uniq_urug
D:11:     minmay_the_grid_octo_tiled_octocenter_mashed
          [minmay_the_grid_octo_chip, minmay_the_grid_octo_vomiting_pacman,
          minmay_the_grid_octo_concentric, minmay_the_grid_octo_toaster,
          minmay_the_grid_octo_prize_big_c, minmay_the_grid_square_5x5_bite,
          minmay_the_grid_square_5x5_n, minmay_the_grid_square_5x5_fat_x,
          minmay_the_grid_square_5x5_eight], layout_cave_pools,
          gammafunk_ghost_necromancy, roderic_cross_of_infinity, uniq_sonja
D:12:     layout_irregular_city, serial_shops, nicolae_lakefront_shop,
          nicolae_dithmenos_shadow_blocks
D:13:     layout_roguey, lightli_vaults_fourway_checkpoint, serial_shops,
          nicolae_shop_advertising_works [nicolae_subvault_shop_adworks]
D:14:     layout_gridville, nicolae_concentric_dashed_squares_mild,
          grunt_ministairs_13
Temple:   mainiacjoe_temple_starburst
Lair:1:   gammafunk_boulding_lane, layout_regular_city, nicolae_lair_lil_pond
Lair:2:   regret_index_combs_of_tragedy, layout_long_grid,
          minmay_swamp_entry_reptiles, minmay_snake_entry_six_corridors
Lair:3:   layout_cave_shapes
Lair:4:   layout_concentric_octagons, grunt_megastairs_5
Lair:5:   layout_gridlike, slime_dummy, patterned_corridor, serial_bayou_shore_b
Lair:6:   hellmonk_lair_end_abyssal_woods, layout_hall_layers,
          minmay_hedge_maze, uniq_josephine

Skill      XL: |  1  2  3  4  5  6  7  8  9 10 11 12 13 14 |
---------------+-------------------------------------------+-----
Fighting       | 4 5 7 8 9 10 11 | 11.3
Fire Magic     | 4 5 6 7 8 9 10 11 | 11.7
Axes           | 5 6 7 8 10 11 | 11.0
Spellcasting   | 2 3 |  3.1
Armour         | 1 3 4 6 8 10 11 12 | 12.2
Poison Magic   | 2 4 6 8 9 10 | 10.0
Maces & Flails | 3 6 8 10 | 10.5
Conjurations   | 3 5 7 |  7.3

Action                   |  1- 3 |  4- 6 |  7- 9 | 10-12 | 13-15 || total
-------------------------+-------+-------+-------+-------+-------++-------
Melee: Hand axe          |   130 |    23 |       |       |       ||   153
       Mace              |       |   111 |   218 |   483 |   462 ||  1274
       Punch             |       |     3 |     3 |     4 |    11 ||    21
       Unarmed           |       |       |       |     8 |       ||     8
       Kick              |       |       |       |       |    44 ||    44
Throw: Boomerang         |       |     1 |       |       |       ||     1
 Cast: Scorch            |     5 |    12 |    65 |   302 |    52 ||   436
       Olgreb's Toxic Ra |       |       |       |    10 |    21 ||    31
       Sticky Flame      |       |       |       |     1 |    86 ||    87
Invok: Fiery Armour      |     1 |     1 |       |     3 |       ||     5
Evoke: Wand              |       |       |       |     5 |     4 ||     9
  Use: Scroll            |       |       |       |    11 |    12 ||    23
       Potion            |       |       |       |     4 |     5 ||     9
 Stab: Confused          |       |       |       |     1 |       ||     1
       Petrified         |       |       |       |       |     5 ||     5
Armor: Robe              |    26 |     3 |       |       |       ||    29
       Chain mail        |       |    63 |   143 |   385 |   236 ||   827
       Leather armour    |       |     1 |       |       |       ||     1
       Skin              |       |       |       |     9 |       ||     9
       Scale mail        |       |       |       |       |   120 ||   120
Dodge: Dodged            |   104 |    67 |    98 |   272 |   266 ||   807
Block: Other             |       |       |    43 |   164 |   135 ||   342
       Reflection        |       |       |       |     4 |     2 ||     6

Table legend: (Time is in decaauts)
 A = Elapsed time spent in this place.
 B = Non-inter-level travel time spent in this place.
 C = Inter-level travel time spent in this place.
 D = Time resting spent in this place.
 E = Time spent auto-exploring this place.
 F = Levels seen in this place.
 G = Mean time per level.
                   A        B        C        D        E       F      G
               +--------+--------+--------+--------+--------+-----+--------+
         Total |  35733 |  33698 |   2035 |  10050 |  15295 |  21 | 1701.6 |
       Dungeon |  19847 |  18685 |   1162 |   3973 |  10748 |  14 | 1417.6 |
        Temple |    644 |    468 |    176 |      0 |    427 |   1 |  644.0 |
          Lair |  15241 |  14546 |    695 |   6076 |   4119 |   6 | 2540.2 |
               +--------+--------+--------+--------+--------+-----+--------+

Top non-repeatable levels by time:
  Lair:2: 5284 daAuts
    D:10: 4222 daAuts
  Lair:1: 2942 daAuts
  Lair:5: 2259 daAuts
  Lair:4: 2069 daAuts
     D:8: 1775 daAuts
     D:3: 1743 daAuts
  Lair:6: 1712 daAuts
     D:6: 1699 daAuts
     D:5: 1621 daAuts
     D:2: 1526 daAuts
     D:4: 1491 daAuts
     D:7: 1430 daAuts
     D:1: 1403 daAuts
     D:9: 1281 daAuts
